Cogmind - Beta 15 @@@ ROGUE MODE // 2025.07.10 @ 17:04:38 Player: celerysam Result: Destroyed by VQ-3DD(R) with Subdweller Shrapnel Launcher Performance ------------- Evolutions (0) 0 Regions Visited (2) 400 Robots Destroyed (27) 135 Value Destroyed (901) 901 Prototype IDs (1) 20 Alien Tech Used (0) 0 Bonus (0) 0 TOTAL SCORE: 1456 Bonus ------- None Cogmind --------- Core Integrity 0/250 Matter 159/300 Energy 170/170 System Corruption 1% Temperature Cool (0) Movement Rolling (117) Ox1 Location -10/Subcaves Parts ------- > --- POWER (1) -------- Makeshift Power Source > --- PROPULSION (2) --- Compact Wheel Subdweller Monowheel > --- UTILITY (2) ------ High-capacity Storage Unit Makeshift Light Armor Plating > --- WEAPON (2) ------- Battle Cannon Battle Cannon (fused) > --- INVENTORY (20) --- Ion Engine Improved Treads Improved Treads Improved Treads Improved Treads Subdweller Monowheel Large Storage Unit Structural Scanner Scrap Shield Spread Laser Spread Laser Light EM Pulse Cannon Advanced Beam Cannon Improved Light Cannon Improved Light Cannon Improved Light Cannon Multitool Peak State ------------ > --- POWER ------------ Makeshift Power Source > --- PROPULSION ------- Subdweller Monowheel Subdweller Monowheel > --- UTILITY ---------- High-capacity Storage Unit Makeshift Ablative Armor > --- WEAPON ----------- Improved Light Cannon Battle Cannon > --- INVENTORY -------- Ion Engine Improved Treads Improved Treads Improved Treads Improved Treads Large Storage Unit Structural Scanner Makeshift Light Armor Plating Scrap Shield Spread Laser Spread Laser Light EM Pulse Cannon Advanced Beam Cannon Improved Light Cannon Improved Light Cannon Improved Light Cannon Battle Cannon Battle Cannon Multitool [Rating: 23] Favorites ----------- Power Ion Engine Engine Ion Engine Propulsion Subdweller Monowheel Treads Light Treads Wheel Subdweller Monowheel Utility High-capacity Storage Unit Device Structural Scanner Storage High-capacity Storage Unit Protection Makeshift Ablative Armor Weapon Light Cannon Energy Cannon Advanced Beam Cannon Ballistic Gun Assault Rifle Ballistic Cannon Light Cannon Build | -11 -10 -10 ------- Run | Yrd Mat Sub Slots Evolved . | . . . Power . | . . . Propulsion . | . . . Utility . | . . . Weapon . | . . . Parts Attached 28 | 5 11 12 Power 3 | 1 1 1 Engine 3 | 1 1 1 Core . | . . . Reactor . | . . . Propulsion 11 | 2 3 6 Treads 3 | . 3 . Leg . | . . . Wheel 8 | 2 . 6 Hover . | . . . Flight . | . . . Utility 6 | 1 3 2 Device 1 | . 1 . Storage 3 | 1 2 . Processor . | . . . Hackware . | . . . Protection 2 | . . 2 Artifact . | . . . Weapon 8 | 1 4 3 Energy Gun . | . . . Energy Cannon 1 | . 1 . Ballistic Gun 1 | 1 . . Ballistic Cannon 6 | . 3 3 Launcher . | . . . Special Weapon . | . . . Impact Weapon . | . . . Slashing Weapon . | . . . Piercing Weapon . | . . . Special Melee Weapon . | . . . Unidentified Prototypes 1 | . 1 . Parts Lost 7 | . 3 4 Power 1 | . . 1 Propulsion 3 | . 3 . Utility 1 | . . 1 Weapon 2 | . . 2 Highest Loss Streak 2 | . 2 1 To Critical Strikes . | . . . Average Backups 17 | 4 13 19 Power 2 | . 2 2 Propulsion 3 | 2 3 4 Utility 2 | . 1 2 Weapon 8 | 1 6 8 Tool/Special . | . . . Unused Backups 25 | . 5 20 Power 2 | . . 2 Propulsion 6 | . 2 4 Utility 2 | . . 2 Weapon 14 | . 3 11 Tool/Special 1 | . . 1 Average Slot Usage (%) 99 | . 96 99 Engine 13 | . 14 13 Treads 7 | . 22 1 Wheel 20 | . 3 26 Device 6 | . 13 4 Storage 14 | . 14 14 Protection 7 | . . 9 Ballistic Cannon 27 | . 26 28 Peak Build Rating 23 | 5 13 23 Average Rating 14 | 3 7 17 On Entrance 5 | . 5 11 Naked Turns . | . . . Heaviest Build 60 | 12 52 60 Greatest Support 40 | 26 40 40 Greatest Overweight (x) 3 | . 3 3 Average Overweight (x) 1 | . . 1 Largest Inventory Capacity 20 | 8 20 20 Average Capacity 18 | 6 16 20 Most Carried 20 | 7 20 20 Average Carried 17 | 4 13 19 Final Capacity 20 | 8 20 20 Final Carried 20 | 7 20 18 Class Distribution -------------------- 79% | Mutant 14% | Scavenger-Mutant 5% | Derelict-Mutant Dominant Class ---------------- Mutant | -10/Materials Mutant | -10/Subcaves Resources | -11 -10 -10 ----------- Run | Yrd Mat Sub Matter Collected 1054 | 196 131 727 Remotely . | . . . Salvage Created 619 | . 368 251 Parts 31 | . 18 13 Haulers Intercepted . | . . . Recyclers Shooed . | . . . Parts Field Recycled . | . . . Retrieved Matter . | . . . Parts Self-Destructed 17 | . . 17 Prevented . | . . . Kills | -11 -10 -10 ------- Run | Yrd Mat Sub Combat Hostiles Destroyed 24 | . 11 13 Guns 1 | . 1 . Cannons 21 | . 8 13 AOE 2 | . 2 . Classes Destroyed 5 | . 3 2 Watcher 3 | . 3 . Swarmer 4 | . 3 1 Grunt 8 | . 8 . Sentry 1 | . . 1 Subdweller 11 | . . 11 Best Kill Streak 5 | . 5 2 Combat Bots Only 3 | . 3 2 Max Kills in Single Turn 3 | . 3 1 Gunslinging . | . . . Exploded 2 | . 2 . Melee . | . . . Uniques/NPCs Destroyed . | . . . Combat | -11 -10 -10 -------- Run | Yrd Mat Sub Hostile Shots Fired 118 | . 52 66 Missed 35 | . 14 21 Hits 83 | . 38 45 Projectile 83 | . 38 45 AOE 2 | . . 2 Critical Strikes 2 | . . 2 Damage Taken 1791 | . 661 1130 Core 251 | . 47 204 Absorbed by Shields . | . . . Core Remaining (%) 100 | 100 . . Volleys Fired 79 | . 26 53 Largest 2 | . 2 2 Hottest 66 | . 60 66 Shots Fired 157 | . 51 106 Gun 6 | . 6 . Cannon 151 | . 45 106 Launcher . | . . . Special . | . . . Kinetic 157 | . 51 106 Thermal . | . . . Explosive . | . . . Electromagnetic . | . . . Robot Hit Streak 12 | . 12 11 Robot Miss Streak 3 | . 2 3 Penetration Max . | . . . Secondary Targets . | . . . Shots Hit Robots 92 | . 24 68 Core Hits 37 | . 15 22 Critical Kills . | . . . Critical Parts Destroyed . | . . . Critical Strikes 3 | . 1 2 Blast 3 | . 1 2 Melee Attacks . | . . . Impact . | . . . Slashing . | . . . Piercing . | . . . Sneak Attacks . | . . . Combat Hostiles . | . . . Follow-up Attacks . | . . . Damage Inflicted 2233 | . 773 1460 Guns 73 | . 73 . Cannons 1863 | . 403 1460 Explosions 297 | . 297 . Melee . | . . . Ramming . | . . . Kinetic 1936 | . 476 1460 Thermal 297 | . 297 . Explosive . | . . . Electromagnetic . | . . . Impact . | . . . Slashing . | . . . Piercing . | . . . Highest Corruption 1 | . 1 1 Average Corruption 1 | . 1 1 Corruption Purged . | . . . Corruption Blocked . | . . . Effects 20 | . 4 16 Message Errors 3 | . 1 2 Matter Fused 4 | . 1 3 Heat Flow Errors 2 | . . 2 Energy Discharges 5 | . 1 4 Parts Fused 1 | . . 1 Data Loss (minor) 2 | . . 2 Misfires 1 | . . 1 Alerts 1 | . . 1 Weapon Failures 1 | . 1 . Overload Shots . | . . . Overflow Damage 146 | . 140 6 Projectiles 6 | . . 6 Explosions 140 | . 140 . Melee . | . . . Knockbacks 15 | . 5 10 Impact . | . . . Kinetic 15 | . 5 10 Secondary . | . . . Self-Inflicted Damage 207 | . 207 . Shots 2 | . 2 . Rammed . | . . . Targets Rammed . | . . . Kicked . | . . . Crushed . | . . . Highest Temperature 200 | . 33 200 Average Temperature 48 | . 14 97 Received Heat Transfer 762 | . 222 540 Siege Activations . | . . . Martial Activations . | . . . Shielding Activations . | . . . Robots Disrupted . | . . . Combat Hostiles . | . . . Robots Corrupted . | . . . Combat Hostiles . | . . . Parts Fried . | . . . Impact Corruptions . | . . . Robots Melted . | . . . Combat Hostiles . | . . . Parts Melted 1 | . . 1 Heat Transferred 200 | . 200 . Parts Sabotaged . | . . . Parts Stolen . | . . . Parts Stripped . | . . . Power Chain Reactions . | . . . Alert | -11 -10 -10 ------- Run | Yrd Mat Sub Maximum Alert Level . | . . . Low Security (%) 100 | 100 100 . Level 1 . | . . . Level 2 . | . . . Level 3 . | . . . Level 4 . | . . . Level 5 . | . . . High Security . | . . . Max Security . | . . . Peak Influence 124 | . 124 . Initial . | . . . Average 28 | . 30 . Influence Increases 411 | . 371 40 Destroy 0b10 Robot/C 260 | . 220 40 Destroy 0b10 Robot/NC 15 | . 15 . Destroy Leader 46 | . 46 . Successful Hack 13 | . 13 . Disable Machine 45 | . 45 . Destroy Structure 32 | . 32 . Influence Decreases 411 | . 275 136 Entered New Map 47 | . . 47 Time Decay 339 | . 250 89 Lost Part 25 | . 25 . Squads Dispatched 1 | . 1 . Investigation 1 | . 1 . Extermination . | . . . Reinforcement . | . . . Assault . | . . . Garrison . | . . . Intercept . | . . . Searches Triggered . | . . . Construction Impeded . | . . . Haulers Reinforced . | . . . Active Scanning Responses . | . . . Cargo Convoy Interrupts . | . . . Stealth | -11 -10 -10 --------- Run | Yrd Mat Sub Distress Signals 1 | . 1 . Communications Jammed . | . . . Distress Signals . | . . . Times Spotted 31 | . 16 15 Peak Tracking Total 4 | . 4 2 Tactical Retreats . | . . . Traps | -11 -10 -10 ------- Run | Yrd Mat Sub Traps Triggered 4 | . 3 1 Indirectly . | . . . Trap Hack Attempts . | . . . Triggered . | . . . Disarmed . | . . . Reprogrammed . | . . . Reused . | . . . Traps Extracted . | . . . Installed . | . . . Triggered . | . . . Machines | -11 -10 -10 ---------- Run | Yrd Mat Sub Machines Disabled 3 | . 3 . Max in Single Turn 2 | . 2 . Machines Repaired . | . . . Machines Dismantled . | . . . Machines Sabotaged . | . . . Overloaded Fab Kills . | . . . Hacking | -11 -10 -10 --------- Run | Yrd Mat Sub Machines Accessed 4 | . 3 1 Terminals 3 | . 3 . Fabricators . | . . . Repair Stations . | . . . Recycling Units . | . . . Scanalyzers . | . . . Garrison Access . | . . . Total Hacks 7 | . 4 3 Successful 7 | . 4 3 Failed . | . . . Catastrophic . | . . . Database Lockouts . | . . . Manual 3 | . 3 . Terminals 4 | . 4 . Fabricators . | . . . Repair Stations . | . . . Recycling Units . | . . . Scanalyzers . | . . . Garrison Access . | . . . Terminal Hacks 4 | . 1 3 Record 3 | . . 3 Robot Analysis 1 | . 1 . Fabricator Hacks . | . . . Repair Station Hacks . | . . . Recycling Unit Hacks . | . . . Scanalyzer . | . . . Garrison Access Hacks . | . . . Unauthorized Hacks 3 | . 3 . Terminals 3 | . 3 . Botnet 3 | . 3 . Fabricators . | . . . Repair Stations . | . . . Recycling Units . | . . . Scanalyzers . | . . . Garrison Access . | . . . Data Cores Recovered . | . . . Used . | . . . Hacking Detections 1 | . 1 . Full Trace Events . | . . . Feedback Events . | . . . Feedback Blocked . | . . . Robot Schematics Acquired . | . . . Robots Built . | . . . Authchips . | . . . Time . | . . . Total Robot Build Rating . | . . . Part Schematics Acquired . | . . . Parts Built . | . . . Authchips . | . . . Time . | . . . Total Part Build Rating . | . . . Parts Repaired . | . . . Time . | . . . Parts Recycled . | . . . Recycled Matter . | . . . Retrieved Matter . | . . . Retrieved Components . | . . . Parts Scanalyzed . | . . . Part Schematics Acquired . | . . . Parts Damaged . | . . . Bothacking | -11 -10 -10 ------------ Run | Yrd Mat Sub Used RIF Installer . | . . . Robots Hacked . | . . . Non-combat . | . . . Combat . | . . . Robot Hacks Applied . | . . . Relay Couplers Released . | . . . Fabnet Peak Effective % . | . . . Robots Rewired . | . . . Allies Hacked . | . . . Hacks Repelled . | . . . Allies | -11 -10 -10 -------- Run | Yrd Mat Sub Total Allies . | . . . Largest Group . | . . . Highest-Rated Group . | . . . Highest-Rated Ally . | . . . Total Orders . | . . . Ally Attacks . | . . . Total Damage . | . . . Kills . | . . . Allies Corrupted . | . . . Allies Melted . | . . . Intel | -11 -10 -10 ------- Run | Yrd Mat Sub Active Infowar (turns) 1504 | . 851 653 Structural 1504 | . 851 653 Robot Analysis Total 1 | . 1 . Derelict Logs Recovered 2 | . . 2 Drone Launches . | . . . Drone Recoveries . | . . . Exploration | -11 -10 -10 ------------- Run | Yrd Mat Sub Turns Passed 3191 | 61 862 2268 Spaces Moved 2166 | 51 391 1724 Core 9 | 9 . . Treads 281 | . 281 . Legs . | . . . Wheels 1876 | 42 110 1724 Hover . | . . . Flight . | . . . Fastest Speed 50 | 50 90 105 Average Speed 131 | 82 188 119 Slowest Speed 320 | 90 320 145 Overloaded Moves . | . . . Propulsion Burnouts . | . . . Robots Hopped . | . . . Potential Cave-ins . | . . . Cave-ins Triggered . | . . . Exploration Rate (%) 52 | 3 78 76 Regions Visited 2 Branch Regions 1 Pre-discovered Areas 3 | . . 3 Known Exits Taken . | . . . Unknown Exits Taken 2 | 1 1 . Scrap Searched 6 | . . 6 Spaces Dug . | . . . Terrain Destroyed 33 | . 29 4 Melee . | . . . Projectile 4 | . . 4 AOE 29 | . 29 . Terrain Rammed . | . . . Walls Destroyed . | . . . Machines Disabled . | . . . Actions | -11 -10 -10 --------- Run | Yrd Mat Sub Total 2356 | 69 464 1823 Wait 12 | 3 . 9 Move 2164 | 50 390 1724 Hop . | . . . Pick Up 47 | 11 25 11 Fast Attach 3 | 1 2 . Attach 14 | 4 6 4 Detach . | . . . Swap 15 | . 7 8 Drop 22 | . 8 14 Fire 79 | . 26 53 Melee . | . . . Ram . | . . . Kick . | . . . Crush . | . . . Escape Stasis . | . . . Rewire . | . . . Trap . | . . . Miscellaneous . | . . . Route ------- -11/Scrapyard -10/Materials (discovered 5 exits: [*Mat x3] / [*Min] / *Sub) -10/Subcaves (discovered 3 exits: [*Mat x2] / [*Scr]) History --------- Turn | Location | Event 28 | -11/Scrapyard | Discovered new exit (range 16) 62 | -11/Scrapyard | Entered Materials 162 | -10/Materials | Discovered new exit (range 12) 332 | -10/Materials | Build established: Mutant 436 | -10/Materials | Discovered new exit (range 3) 487 | -10/Materials | Discovered new exit (range 14) 763 | -10/Materials | Discovered new exit (range 16) 914 | -10/Materials | Discovered new exit (range 7) 924 | -10/Materials | Entered Subcaves 925 | -10/Subcaves | Approached by a straggling Scientist 927 | -10/Subcaves | Learned location of Zion (-7) 1067 | -10/Subcaves | Discovered new exit (range 11) 1130 | -10/Subcaves | Scientist uncovered a shortcut to Scraptown 1431 | -10/Subcaves | Met a Zionite searching for "candidates" 1526 | -10/Subcaves | Core integrity fell below 50% 1826 | -10/Subcaves | Shifting Twisted Machinery released Mak. Leg 1980 | -10/Subcaves | A swath of the cavern ceiling suddenly collapsed 2674 | -10/Subcaves | Build established: Scavenger-Mutant 2822 | -10/Subcaves | Visited Clippyterm 2826 | -10/Subcaves | Learned location of Deep Caves (-7) 2869 | -10/Subcaves | Core integrity fell below 20% 2964 | -10/Subcaves | Discovered new exit (range 8) 3103 | -10/Subcaves | Ambushed by Subdwellers from Twisted Machinery 3175 | -10/Subcaves | Ambushed by Subdweller buried in earth 3192 | -10/Subcaves | Destroyed by VQ-3DD(R) with Subdweller Shrapnel Launcher Last Messages --------------- 03097_ System corrupted: Energy discharge (-47). 03103_ 7G-COJ(R) emerges from the Twisted Machinery. 03108_ Critical hit (Destroy). 03115_ KX-78M(R) knocked back. 03115_ KX-78M(R) destroyed. 03121_ Imp. Light Cannon destroyed. 03124_ 7G-COJ(R) destroyed. 03131_ Acquired 27 matter. 03133_ Acquired Sub. Monowheel. 03134_ Acquired 2 matter. 03140_ Acquired 22 matter. 03152_ System corrupted: FCS attempts to trigger Battle Cannon. 03152_ System corrupted: Battle Cannon misfires. 03175_ Destroyed Sub. Monowheel. 03175_ VQ-3DD(R) knocked back. 03176_ TC-91K(R): "ARGHSUB!" 03187_ TC-91K(R) knocked back. 03190_ TC-91K(R) destroyed. Map ----- +----------------------------------------------------+ | | | | | | | | | | | | | | | | | | | | | | | ?????????????????????????????????????????????????? | | ?????????????????????????????????????????????????? | | ?????????????????????????????????????????????????? | | ?????????????????????????????????????????????????? | | ?????????????????????????????????????????????????? | | ?????????????????????????????????????????????????? | | ?????????????????????????????????????????????????? | | ?????????????????????????????????????????????????? | | ?????????????????????????????????????????????????? | | ?????????????????????????????????????????????????? | | ????????????????????########?????????????????????? | | ????????????????????#;R%;;%##????????????????????? | | ????????????????????# $$ ; ???????????????????? | | ?????????????????????#<& % ???????????????????? | | ?????????????????????##;;@ ; ???????????????????? | | ?????????????????????# ;;???????????????????? | | ????????????????????##; ; ;???????????????????? | | ######???????????#### <# #???????????????????? | | ##??????##### ##???????????????????? | | #????### # ## ##????????????????????? | | ##???# ######?????????????????????? | | ###?# #??????????????????????????? | | ### #??????????????????????????? | | # # ##??????????????????????????? | | ## #???????????????????????????? | | ## ## ##??????????????????????????? | | ## # # ### #??????????????????????????? | | ########### #??????????????????????????? | | """" ##???## # ##??????????????????????????? | | ###" ##### ##???????????????????????????? | | "##?## ##????????????????????????????? | | #???### # # #####????? ??????????????????????? | | ##?????# # ## ##????????? ?????????????????????? | | ??????# #?????????# #??????? ??????????? | | ##?????###"# ##???????# ?????? #?????????? | | ???????#### #??????? #?????? ##????????? | | #??????# " #######?? ##????? ?? ????# | | "#?##???##" ## #?? ##???? ?? ????# | | #??# ##??#"## #??? ?????# #? ????# | +----------------------------------------------------+ Best States ------------- Heat Dissipation 25 Energy Generation 15 Energy Capacity 250 Matter Stores 300 Matter Capacity 300 Sight Range 16 Terrain Scan Density 10 Armor Coverage 225 Evasion (%) 42 Recoil Reduction 2 Item Schematics ----------------- None Robot Schematics ------------------ None Fabricated ------------ Nothing Repaired ---------- Nothing Alien Tech Used ----------------- None Achievements -------------- None Challenges ------------ None Game ------ Seed DispersalHoverAutogun Manual? 0 Play Time 00:25:53 Cumulative 270.7 hours Start 2025.07.10 @ 15:54:05 End 2025.07.10 @ 17:04:38 Sessions 1 Manual Loads 0 Difficulty Rogue Special Mode None Game No. 423 Rogue 423 Adventurer 0 Explorer 0 Win Type - Total 1 Types 1/0/0/0/0/0/0/0/0/0 Lore% 64 Gallery% 63 Achievement% 44 Wizard Run 0 Options --------- Layout 1 ASCII 0 Keyboard 0 Movement Mouse Keybinds 0 Fullscreen 2 Font 24/Smallcaps Map View 50x35 Zoom Use 0% Tactical HUD 1 Map Filters NONE Filters NONE Steam 1 RUN: 0b870b8b-6c63-4227-b4c9-c168aeeeecfe